 Dungeon Crawl Stone Soup version 0.30.1-9-gdf580d7c3d (webtiles) character file.

Game seed: 10025976806181445380

3386759 Amplified the Armataur Barricade (level 27, 266/266 HPs)
             Began as an Armataur Fighter on Sept 28, 2023.
             Was a High Priest of Okawaru.
             Escaped with the Orb
             ... and 5 runes on Sept 29, 2023!
             The game lasted 01:57:13 (64820 turns).

Amplified the Armataur Barricade (AtFi)            Turns: 64820, Time: 01:57:14

Health: 266/266    AC: 45    Str: 42    XL:     27
Magic:  25/25      EV: 13    Int:  8    God:    Okawaru [*****.]
Gold:   3716       SH: 40    Dex: 10    Spells: 23/26 levels left

rFire   + + +        B - +5 broad axe of the Flying Saviour {vamp, rF+ Str+3 Stlth+}
rCold   + + .        O - +10 tower shield of Ignorance {rN+ Int-4}
rNeg    + + +        r - +8 storm dragon scales {Bai Suzhen}
rPois   +            (helmet restricted)
rElec   +            f - scarf "Pegup" {rC+ rF+, Dex+2}
rCorr   +            J - +4 pair of gloves "Townesah" {rPois rN+ rCorr Int-2}
SInv    .            p - +2 barding of the Tormentor {+Inv Will+ Str+5}
Will    +++++        W - amulet of Vitality {RegenMP++ Regen++}
Stlth   +            P - ring of protection from cold
HPRegen 2.24/turn    S - ring "Tierumm" {rN+ Will+ rCorr Str+6}
MPRegen 0.99/turn

%: roll
@: heroic, finesse-ful
A: large, rugged brown scales 3, deformed body, armoured tail, roll, long
tongue, awkward tongue, horns 1, large bone plates 2, clumsy 1, dopey 1, fire
resistance 1, low MP 3, strong-willed 1, mutation resistance 1, poison
resistance, screaming 1
0: Orb of Zot
}: 5/15 runes: decaying, serpentine, slimy, silver, abyssal
a: Renounce Religion, Evoke Invisibility, Heroism, Finesse, Duel


You escaped.
You worshipped Okawaru.
Okawaru was extremely pleased with you.
You visited 12 branches of the dungeon, and saw 56 of its levels.
You visited the Abyss 2 times.
You visited 1 ziggurat, and saw 8 of its levels.
You also visited: Trove, Gauntlet, Ice Cave and Desolation.

You collected 9286 gold pieces.
You spent 5570 gold pieces at shops.

Inventory:

Hand Weapons
 j - a +9 broad axe of electrocution
 t - the +11 executioner's axe of the Scroll {venom, rPois Int+3}
   (You acquired it on level 2 of the Orcish Mines)

   Int:       It affects your intelligence (+3).
   rPois:     It protects you from poison.
 w - the +3 Elemental Staff {rElec rF+ rC+ AC+3}
   (You acquired it on level 3 of the Crypt)

   It enhances your fire, ice, earth and air magic.
   AC:        It affects your AC (+3).
   rF:        It protects you from fire.
   rC:        It protects you from cold.
   rElec:     It insulates you from electricity.
 z - the +5 demon whip "Spellbinder" {antimagic, disrupt, Will+}
   (You took it off a deep elf death mage on level 3 of the Elven Halls)

   Will:      It increases your willpower.
 B - the +5 broad axe of the Flying Saviour (weapon) {vamp, rF+ Str+3 Stlth+}
   (Okawaru gifted it to you on level 14 of the Dungeon)

   Str:       It affects your strength (+3).
   rF:        It protects you from fire.
   Stlth:     It makes you more stealthy.
Missiles
 m - 4 throwing nets (quivered)
Armour
 c - the +11 tower shield of Ethics {rPois Will+}
   (You found it on level 5 of the Vaults)

   rPois:     It protects you from poison.
   Will:      It increases your willpower.
 f - the scarf "Pegup" (worn) {rC+ rF+, Dex+2}
   (You found it in a treasure trove)

   Dex:       It affects your dexterity (+2).
 p - the +2 barding of the Tormentor (worn) {+Inv Will+ Str+5}
   (Okawaru gifted it to you on level 4 of the Vaults)

   Str:       It affects your strength (+5).
   +Inv:      It lets you turn invisible.
   Will:      It increases your willpower.
 r - +8 storm dragon scales (worn) {Bai Suzhen}
 J - the +4 pair of gloves "Townesah" (worn) {rPois rN+ rCorr Int-2}
   (Okawaru gifted it to you on level 12 of the Dungeon)

   Int:       It affects your intelligence (-2).
   rPois:     It protects you from poison.
   rN:        It protects you from negative energy.
   rCorr:     It protects you from acid and corrosion.
 M - the +5 barding of Existentialism {rPois rF++ Str-3 Dex-4}
   (You found it in a treasure trove)

   Str:       It affects your strength (-3).
   Dex:       It affects your dexterity (-4).
   rF:        It greatly protects you from fire.
   rPois:     It protects you from poison.
 O - the +10 tower shield of Ignorance (worn) {rN+ Int-4}
   (You found it in a treasure trove)

   Int:       It affects your intelligence (-4).
   rN:        It protects you from negative energy.
 Z - the +15 Maxwell's patent armour {-Cast -Tele rElec Will+ rCorr}
   (You found it in the Desolation of Salt)

   rElec:     It insulates you from electricity.
   -Cast:     It prevents spellcasting.
   -Tele:     It prevents most forms of teleportation.
   rCorr:     It protects you from acid and corrosion.
   Will:      It increases your willpower.
Jewellery
 n - the ring "Dephis" {rC+ Int+5 Dex-2 Stlth+}
   (You found it on level 5 of the Pits of Slime)

   [ring of protection from cold]

   Int:       It affects your intelligence (+5).
   Dex:       It affects your dexterity (-2).
   rC:        It protects you from cold.
   Stlth:     It makes you more stealthy.
 G - the ring of the Antique God {rElec rPois rF+ Will+ Dex+4}
   (You took it off a deep elf blademaster on level 3 of the Elven Halls)

   [ring of poison resistance]

   Dex:       It affects your dexterity (+4).
   rF:        It protects you from fire.
   rElec:     It insulates you from electricity.
   rPois:     It protects you from poison.
   Will:      It increases your willpower.
 N - the amulet of Luecoicu {Acrobat Will+++}
   (You found it on level 4 of a ziggurat)

   [amulet of the acrobat]

   It increases your evasion while moving and waiting.
   Will:      It greatly increases your willpower.
 P - a ring of protection from cold (left hand)
 R - the amulet "Janwul" {Acrobat +Inv Fly Will+++ Str-2}
   (You acquired it on level 7 of a ziggurat)

   [amulet of the acrobat]

   It increases your evasion while moving and waiting.
   Str:       It affects your strength (-2).
   +Inv:      It lets you turn invisible.
   Fly:       It grants you flight.
   Will:      It greatly increases your willpower.
 S - the ring "Tierumm" (right hand) {rN+ Will+ rCorr Str+6}
   (You found it on level 7 of a ziggurat)

   [ring of willpower]

   Str:       It affects your strength (+6).
   rN:        It protects you from negative energy.
   rCorr:     It protects you from acid and corrosion.
   Will:      It increases your willpower.
 V - the ring "Waxi" {rPois rF+}
   (You found it on level 5 of the Lair of Beasts)

   [ring of protection from fire]

   rF:        It protects you from fire.
   rPois:     It protects you from poison.
 W - the amulet of Vitality (around neck) {RegenMP++ Regen++}
   (You bought it in a shop on level 11 of the Dungeon)

   [amulet of magic regeneration]

   It increases your rate of magic regeneration.
   Regen:     It increases your rate of health regeneration.
Wands
 b - a wand of light (50)
 g - a wand of paralysis (117)
 u - a wand of mindburst (31)
 v - a wand of iceblast (61)
 Q - a wand of flame (12)
 U - a wand of digging (24)
 X - a wand of polymorph (18)
Scrolls
 d - 3 scrolls of silence
 e - 10 scrolls of fog
 o - 8 scrolls of poison
 s - a scroll of magic mapping
 x - 12 scrolls of amnesia
 D - 7 scrolls of blinking
 F - 26 scrolls of teleportation
 L - 7 scrolls of fear
Potions
 a - 10 potions of brilliance
 i - a potion of heal wounds
 k - 9 potions of flight
 l - 14 potions of mutation
 q - 7 potions of magic
 C - a potion of might
 E - 4 potions of cancellation
 H - 27 potions of curing
 I - 7 potions of lignification
 K - 4 potions of resistance
 T - 6 potions of berserk rage
 Y - 4 potions of haste
Miscellaneous
 y - a phantom mirror


   Skills:
 * Level 20.9(25.9) Fighting
 - Level 18.5(23.6) Axes
 - Level 2.8(18.4) Maces & Flails
 * Level 21.8(26.8) Armour
 * Level 16.0(21.0) Dodging
 O Level 27 Shields
 - Level 15.0 Translocations
 - Level 3.3 Ice Magic
 * Level 19.4 Invocations


You had 23 spell levels left.
You knew the following spells:

 Your Spells              Type           Power      Damage    Failure   Level
a - Frozen Ramparts       Ice            10%        1d2       50%         3

Your spell library contained the following spells:

 Spells                   Type           Power      Damage    Failure   Level
 Blink                    Tloc           48%        N/A       1%          2
 Lesser Beckoning         Tloc           48%        N/A       1%          2
 Gell's Gravitas          Tloc           24%        N/A       1%          3
 Teleport Other           Tloc           24%        N/A       1%          3
 Manifold Assault         Tloc           24%        N/A       1%          4
 Passage of Golubria      Tloc           24%        N/A       1%          4
 Momentum Strike          Conj/Tloc      24%        3d8       4%          2
 Portal Projectile        Hex/Tloc       24%        N/A       10%         3
 Volatile Blastmotes      Fire/Tloc      24%        2d12      10%         3
 Freeze                   Ice            20%        1d4       19%         1
 Dispersal                Tloc           12%        N/A       24%         6
 Ensorcelled Hibernation  Hex/Ice        4%         N/A       50%         2
 Ozocubu's Armour         Ice            5%         N/A       50%         3
 Foxfire                  Conj/Fire      0%         2x1d4     58%         1
 Kiss of Death            Conj/Necr      0%         2d5       58%         1
 Magic Dart               Conj           0%         1d3       58%         1
 Necrotise                Necr           0%         1d4       58%         1
 Slow                     Hex            0%         N/A       58%         1
 Sting                    Tmut/Pois      0%         1d3       58%         1
 Cigotuvi's Dreadful Rot  Necr/Pois/Air  0%         N/A       73%         2
 Poisonous Vapours        Pois/Air       0%         N/A       73%         2
 Scorch                   Fire           0%         2d5       73%         2
 Static Discharge         Conj/Air       0%         2-2/arc   73%         2
 Sublimation of Blood     Necr           0%         N/A       73%         2
 Wereblood                Tmut           0%         N/A       73%         2
 Hailstorm                Conj/Ice       2%         3d3       75%         3
 Confusing Touch          Hex            0%         N/A       91%         3
 Dazzling Flash           Conj/Hex       0%         N/A       91%         3
 Ignite Poison            Fire/Tmut/Pois 0%         N/A       91%         3
 Inner Flame              Hex/Fire       0%         N/A       91%         3
 Mephitic Cloud           Conj/Pois/Air  0%         N/A       91%         3
 Vampiric Draining        Necr           0%         2d6       91%         3
 Ice Form                 Ice/Tmut       2%         N/A       98%         4
 Airstrike                Air            0%         2d(0-16)  100%        4
 Cause Fear               Hex            0%         N/A       100%        4
 Dispel Undead            Necr           0%         3d6       100%        4
 Fulminant Prism          Conj/Hex       0%         3d5       100%        4
 Leda's Liquefaction      Hex/Erth       0%         N/A       100%        4
 Olgreb's Toxic Radiance  Pois           0%         N/A       100%        4
 Petrify                  Tmut/Erth      0%         N/A       100%        4
 Sticky Flame             Conj/Fire      0%         2d3       100%        4
 Agony                    Necr           0%         N/A       100%        5
 Blade Hands              Tmut           0%         N/A       100%        5
 Fireball                 Conj/Fire      0%         3d3       100%        5
 Freezing Cloud           Conj/Ice/Air   0%         6-21      100%        5
 Irradiate                Conj/Tmut      0%         3d11      100%        5
 Iskenderun's Battlesphe  Conj           0%         2d6       100%        5
 Lee's Rapid Deconstruct  Erth           0%         3d4*      100%        5
 Metabolic Englaciation   Hex/Ice        1%         N/A       100%        5
 Silence                  Hex/Air        0%         N/A       100%        5
 Yara's Violent Unravell  Hex/Tmut       0%         3d3       100%        5
 Conjure Ball Lightning   Conj/Air       0%         3x3d6     100%        6
 Eringya's Noxious Bog    Tmut/Pois      0%         N/A       100%        6
 Plasma Beam              Fire/Air       0%         2x1d11    100%        6
 Starburst                Conj/Fire      0%         6d3       100%        6
 Statue Form              Tmut/Erth      0%         N/A       100%        6
 Dragon Form              Tmut           0%         N/A       100%        7
 Enfeeble                 Hex            0%         N/A       100%        7
 Orb of Destruction       Conj           0%         9d5       100%        7
 Ozocubu's Refrigeration  Ice            2%         4d8       100%        7
 Borgnjor's Revivificati  Necr           0%         N/A       100%        8
 Discord                  Hex            0%         N/A       100%        8
 Disjunction              Tloc           12%        N/A       100%        8
 Ignition                 Fire           0%         3d3       100%        8
 Necromutation            Tmut/Necr      0%         N/A       100%        8
 Death's Door             Necr           0%         N/A       100%        9
 Polar Vortex             Ice            2%         N/A       100%        9
 Summon Forest            Summ/Tloc      Unusable   N/A       N/A         5
 Call Imp                 Summ           Unusable   N/A       N/A         2
 Summon Guardian Golem    Hex/Summ       Unusable   N/A       N/A         3
 Tukima's Dance           Hex            Unusable   N/A       N/A         3
 Summon Lightning Spire   Summ/Air       Unusable   N/A       N/A         4
 Simulacrum               Ice/Necr       Unusable   N/A       N/A         6
 Spellforged Servitor     Conj/Summ      Unusable   N/A       N/A         7
 Summon Hydra             Summ           Unusable   N/A       N/A         7
 Infestation              Necr           Unusable   N/A       N/A         8
 Dragon's Call            Summ           Unusable   N/A       N/A         9

Dungeon Overview and Level Annotations

Branches:
Dungeon (15/15)            Temple (0/1) D:7            Lair (5/5) D:10
  Swamp (4/4) Lair:2        Snake (4/4) Lair:3        Slime (5/5) Lair:5
    Orc (2/2) D:11            Elf (3/3) Orc:2        Vaults (5/5) D:13
  Crypt (3/3) Vaults:2       Tomb (0/3) Crypt:3      Depths (4/4) D:15
   Hell (visited)             Zot (5/5) Depths:4      IceCv (visited)
Desolation (visited)      Gauntlet (visited)
    Dis: Hell:1         Geh: Hell:1         Coc: Hell:1         Tar: Hell:1

Altars:
Cheibriados
Dithmenos
Fedhas
Gozag
Hepliaklqana
Okawaru
Qazlal
Vehumet
Xom
Jiyva

Shops:
D:7 =   D:11 =   D:15 :   Orc:2 :(*(:   Elf:2 :   Elf:3 *?(   Snake:3 :
Snake:4 :(:*   Vaults:1 ?[   Vaults:3 [   Vaults:4 *   Depths:1 :?[?*

Portals:
Hell: Depths:1 Depths:2 Depths:3 Depths:4
Abyss: Depths:1 Depths:3 Depths:4
Pandemonium: Depths:2

Annotations:
Elf:2 3 runed translucent doors
Vaults:2 3 runed translucent doors, kalagan's ghost, adept DECj
Crypt:2 Mennas
Hell Geryon
Zot:4 2 transporters


Innate Abilities, Weirdness & Mutations

You are completely covered in rugged brown scales. (AC +3, +7% HP)
Armour fits poorly on your strangely shaped body.
You have a long armoured tail.
You roll when moving toward enemies. (Rampage)
Your long tongue fully drains potion bottles. (2x potion effects)
Your tongue gives you trouble enunciating. (1.5x scroll delay)
You have a pair of small horns on your head.
You are mostly covered in large bone plates. (SH +6)
You are clumsy. (Dex -2)
You are dopey. (Int -2)
Your flesh is heat resistant. (rF+)
Your magical capacity is extremely low. (-30% MP)
You are strong-willed. (Will+)
You are somewhat resistant to further mutation.
Your system is resistant to poisons. (rPois)
You occasionally shout uncontrollably at your foes.


Message History

You headbutt the Hell Sentinel, but do no damage.
You tail-slap the Hell Sentinel, but do no damage.
The Hell Sentinel is moderately wounded.
Unknown command.
You slash the Hell Sentinel! You headbutt the Hell Sentinel.
You tail-slap the Hell Sentinel, but do no damage.
The Hell Sentinel is heavily wounded.
The Hell Sentinel gestures at you.
The sphere of damnation explodes!
The damnation engulfs you!!
The damnation engulfs the Hell Sentinel.
The Hell Sentinel completely resists.
You slice the Hell Sentinel!!
The Hell Sentinel is severely wounded.
Unknown command.
You slash the Hell Sentinel!
You headbutt the Hell Sentinel, but do no damage.
You tail-slap the Hell Sentinel, but do no damage.
The Hell Sentinel is severely wounded.
Unknown command.
You chop the Hell Sentinel into pieces!!!
The Hell Sentinel is almost dead.
You block the Hell Sentinel's attack.
The Hell Sentinel hits you but does no damage.
Unknown command.
You slice the Hell Sentinel!!
You kill the Hell Sentinel!
Okawaru accepts your kill.
Unknown command.
There is an open door here.
You open the door.
There is an open door here.
(D) Dungeon (T) Temple (L) Lair (S) Swamp (P) Snake Pit (M) Slime Pits (O) Orcish Mines (E) Elven Halls (V) Vaults (C) Crypt (W) Tomb (U) Depths (H) Hell (Z) Zot
Where to? (Enter - D:1, ? - help)
What level of the Dungeon? (default 1, ? - help) You're already here!
There is a staircase leading out of the dungeon here.
You have escaped!

#.###).##....##
##.....##.......#
##.#.####.##..#
#...##.#.......##
##.####..###.###...##...##...##
#......## #.......########'##
#.##..## ##.#..### #.# #.###..#
##..## #.# ###.# ##.## ##.##
#######.## ....# #..#####...#
##...)#...## #####
##...##..@.###...#......#
###..#.......#†##......##
##...##########.##....# ###.###
#...##..... #...## ######....#
###..# #.#### ##.# #.# #.# #.#
#.# #######.#


There were no monsters in sight!

Vanquished Creatures
  the Royal Jelly (Slime:5)
  6 dread liches
  9 orbs of fire
  2 juggernauts
  A Killer Klown (Zot:5)
  Vashnia (Snake:4)
  Bai Suzhen (Swamp:4)
  Margery (Depths:3)
  Saint Roka (Depths:2)
  8 golden dragons
  The ghost of Peloso the Hoplite, an adept MiFi of Okawaru (Vaults:1)
  3 bone dragons
  A pandemonium lord (Zig:1)
  2 electric golems
  A Brimstone Fiend (D:12)
  4 doom hounds
  2 hellephants
  23 Orb Guardians
  An Ice Fiend (Zot:2)
  13 tentacled monstrosities
  A Hell Sentinel (D:1)
  2 liches
  5 deep elf master archers (Elf:3)
  A walking earthen tome (Depths:3)
  2 deep elf blademasters (Elf:3)
  Grunn (Depths:2)
  4 quicksilver dragons
  18 acid blobs
  3 titans
  The ghost of Yjeod the Severer, an adept DgHW (Swamp:3)
  7 death cobs
  7 sphinxes
  A tentacled starspawn (Abyss:2)
  Agnes (D:15)
  An Executioner (Zot:5)
  8 tengu reavers
  2 revenants
  5 ancient champions
  Roxanne (D:15)
  16 shadow dragons
  11 storm dragons
  3 nagarajas (Snake:4)
  Donald (Vaults:1)
  8 azure jellies (Slime:5)
  12 draconian monks
  13 vault wardens
  11 fire giants
  9 frost giants
  5 draconian knights
  7 rockslimes
  5 deep elf sorcerers
  2 emperor scorpions (Zig:5)
  Aizul (Snake:2)
  Louise (Elf:1)
  3 deep elf elementalists (Elf:3)
  4 ghouls
  6 imperial myrmidons (Desolation)
  3 ghost moths
  2 orc warlords
  6 draconian scorchers
  2 iron dragons
  5 draconian shifters
  4 curse skulls (Crypt:3)
  A demonspawn blood saint (D:8)
  4 war gargoyles
  3 draconian stormcallers
  19 ironbound preservers
  An ophan (Abyss:4)
  17 stone giants
  9 quicksilver oozes
  13 draconian annihilators
  10 ironbound thunderhulks
  5 green draconians
  19 black draconians
  A reaper (Crypt:2)
  34 very ugly things
  4 spriggan defenders (Depths:2)
  2 putrid mouths (Zig:8)
  6 vampire knights
  3 eleionomae
  7 deep elf demonologists
  The ghost of VerbalBBQ the Blocker, a journeyman FoFi of Okawaru (Lair:2)
  10 purple draconians
  A minotaur (Gauntlet)
  A demonspawn black sun (D:8)
  5 bunyips
  12 white draconians
  5 deep elf annihilators
  12 dire elephants
  3 spark wasps (Depths:3)
  11 red draconians
  12 yellow draconians
  3 eidola
  The ghost of Sieca the Fencer, a journeyman MfGl of Okawaru (Lair:4)
  9 ettins
  4 deep elf death magi
  A green death (Abyss:2)
  A merfolk impaler (Depths:2)
  A mummy priest (Crypt:3)
  5 ragged hierophants (Desolation)
  5 deep elf high priests (Vaults:5)
  2 merfolk javelineers
  10 fire dragons
  Josephine (D:15)
  4 entropy weavers
  8 great orbs of eyes
  9 jiangshi
  24 yaktaur captains
  29 vault guards
  10 ice dragons
  A hell beast (D:15)
  4 ghost crabs
  14 hydras
  4 servants of whispers (Desolation)
  3 ogre magi
  A jorogumo (Zig:5)
  A salamander tyrant (Snake:4)
  8 ironbound frosthearts
  5 boulder beetles
  6 spriggan air magi
  12 peacekeepers
  7 catoblepae
  2 two-headed ogres
  10 centaur warriors
  2 death knights
  3 satyrs (shapeshifter) (Vaults:5)
  5 deep troll shamans
  11 anacondas
  9 alligators
  7 death yaks (Lair:5)
  A death yak (shapeshifter) (Vaults:2)
  16 naga warriors
  A spectral frost giant (Zig:8)
  7 tengu warriors
  A titan zombie (Crypt:2)
  12 vampire magi
  8 deep troll earth magi
  A thrashing horror (Abyss:4)
  23 dancing weapons
  4 orc high priests
  A hell hog (Depths:3)
  6 spriggan berserkers
  12 spriggans
  36 hell knights
  8 naga sharpshooters
  A sun demon (Depths:3)
  9 deep elf knights
  8 soul eaters
  11 shock serpents
  A titan skeleton (Crypt:3)
  2 shadow wraiths
  5 iron trolls
  16 skeletal warriors
  A spatial maelstrom (Depths:4)
  7 goliath frogs
  4 salamander mystics
  A shadow demon (Abyss:4)
  A deep troll (shapeshifter) (Vaults:3)
  4 spriggan druids
  2 death drakes (Swamp:4)
  4 flayed ghosts
  An anaconda zombie (Crypt:2)
  2 swamp dragons
  2 death drakes (shapeshifter)
  3 glowing orange brains
  2 spectral hydras (Swamp:4)
  2 obsidian statues (Zig:4)
  8 naga ritualists
  8 bog bodies
  37 deep trolls
  16 ironbound convokers
  A steelbarb worm (Zig:5)
  An orange crystal statue (IceCv)
  5 wizards
  11 deep elf archers
  19 harpies
  13 necromancers
  8 orc sorcerers
  12 phantasmal warriors
  15 deep elf pyromancers
  13 mana vipers
  5 orc knights
  63 ugly things
  26 deep elf zephyrmancers
  A frost giant zombie (Crypt:1)
  4 shining eyes
  8 cyclopes
  A will-o-the-wisp (Swamp:1)
  A faun (shapeshifter) (Vaults:2)
  A moth of wrath (shapeshifter) (Elf:1)
  The ghost of zen1337 the Thaumaturge, a novice DsCj of Vehumet (D:7)
  A centaur zombie (D:15)
  9 manticores
  A worldbinder (Abyss:4)
  An iron dragon skeleton (Crypt:3)
  4 ice statues
  13 moths of wrath
  13 salamanders
  A black mamba (shapeshifter) (Abyss:4)
  4 elephants
  3 smoke demons
  2 gargoyles (D:11)
  17 naga magi
  26 black mambas
  11 guardian serpents
  A black draconian zombie (Crypt:3)
  An eye of devastation (shapeshifter) (Zig:3)
  2 eyes of devastation
  16 vault sentinels
  A shock serpent skeleton (Crypt:1)
  2 efreet (Abyss:4)
  8 cane toads
  A red draconian zombie (Crypt:1)
  4 hellions
  2 dire elephant skeletons
  An orange demon (Abyss:2)
  3 unseen horrors
  3 tengu conjurers
  2 centaur skeletons (D:15)
  A swamp worm zombie (Swamp:4)
  3 ice devils
  A minotaur zombie (Gauntlet)
  2 kobold demonologists (D:9)
  41 yaktaurs
  An anaconda simulacrum (Crypt:2)
  A pale draconian skeleton (Crypt:2)
  3 tormentors
  10 freezing wraiths
  13 komodo dragons
  8 guardian mummies (Crypt:3)
  21 rime drakes
  2 ancient zymes (Abyss:4)
  A bloated husk (Swamp:4)
  2 hydra zombies (Swamp:4)
  20 polar bears
  A harpy zombie (Crypt:2)
  A wind drake (shapeshifter) (D:12)
  12 hornets
  8 trolls
  A harpy skeleton (Crypt:2)
  13 tyrant leeches
  3 spectral swamp dragons (Swamp:4)
  51 saltlings (Desolation)
  An ettin zombie (Crypt:2)
  10 blink frogs
  86 slime creatures
  6 alligator zombies (Swamp:4)
  11 flying skulls
  A jumping spider (Vaults:4)
  A culicivora (Zig:5)
  An ettin skeleton (Crypt:3)
  A shadow (D:12)
  4 centaur simulacra
  53 yaks
  A fire dragon skeleton (Crypt:1)
  2 vampires
  24 water elementals
  2 ynoxinuls (Abyss:4)
  9 wraiths
  An air elemental (Elf:3)
  21 humans
  3 wyverns
  A hog (shapeshifter) (Abyss:4)
  2 hogs (D:14)
  5 basilisks
  A redback simulacrum (Gauntlet)
  A black mamba skeleton (Crypt:3)
  3 chaos spawn
  2 neqoxecs (Abyss:4)
  5 steam dragons
  A fire elemental (Elf:2)
  15 vampire mosquitoes
  Menkaure (D:7)
  3 redbacks
  A swamp worm (shapeshifter) (Vaults:2)
  A demonspawn zombie (Crypt:2)
  46 nagas
  15 swamp worms
  2 acid dragons
  5 large abominations
  A skyshark zombie (Crypt:1)
  3 wargs (Orc:2)
  4 hell hounds (D:7)
  12 water moccasins
  2 entropy weaver zombies
  2 floating eyes
  2 ice beasts
  4 swamp drakes
  29 orc warriors
  A sky beast (D:7)
  An ice dragon simulacrum (Gauntlet)
  6 black bears
  A dream sheep zombie (Crypt:3)
  5 swamp dragon zombies (Swamp:4)
  8 ogres
  10 centaurs
  2 small abominations (Abyss:4)
  4 boggarts (Vaults:1)
  4 wolves (Lair:2)
  10 phantoms
  4 lemures (D:8)
  4 kobold brigands
  12 bullfrogs
  2 necrophages
  4 gnoll sergeants
  4 earth elementals
  4 scorpions
  8 wights
  24 killer bees
  A troll skeleton (Crypt:3)
  4 howler monkeys
  5 hounds
  15 jellies
  A gnoll bouda (D:7)
  19 orc priests
  2 sleepcaps
  6 iguanas
  Ijyb (D:4)
  37 orc wizards
  6 hell rats (Lair:2)
  A spectral swamp drake (Swamp:4)
  A boggart skeleton (Crypt:2)
  An ogre zombie (Crypt:3)
  A tengu skeleton (Crypt:2)
  A mummy (D:10)
  A howler monkey zombie (Crypt:1)
  17 gnolls
  2 swamp drake zombies (Swamp:4)
  9 adders
  4 white imps (Gauntlet)
  2 ufetubi
  A lava snake zombie (Crypt:3)
  3 worms
  A dart slug (D:2)
  83 orcs
  5 ball pythons
  10 endoplasms
  3 giant cockroaches
  7 goblins
  8 hobgoblins
  15 jackals
  22 kobolds
  4 quokkas
  4 bats
  2 frilled lizards
  A frilled lizard zombie (Crypt:1)
  A jackal skeleton (Crypt:2)
  4 rats
2479 creatures vanquished.

Vanquished Creatures (others)
  Kirke (D:14)
  A draconian knight (Zot:3)
  2 draconian shifters
  A fire dragon (Depths:2)
  A shambling mangrove (Swamp:4)
  2 deep elf knights
  A swamp dragon (Swamp:4)
  A wizard (D:13)
  A guardian mummy (Crypt:3)
  4 bloated husks
  A human (D:14)
  A swamp worm (Swamp:4)
  A large abomination (Abyss:4)
  An orc warrior (Depths:2)
  A phantom (Swamp:4)
  An orc wizard (D:6)
  A steam dragon skeleton (Crypt:3)
  A shadow imp (D:8)
  5 orcs
  6 foxfires (Swamp:1)
34 creatures vanquished.

Grand Total: 2513 creatures vanquished

Notes
Turn   | Place    | Note
-------+----------+-------------------------------------------
     0 | D:1      | Amplified the Armataur Fighter began the quest for the Orb.
     0 | D:1      | Reached XP level 1. HP: 19/19 MP: 1/1
   259 | D:1      | Reached XP level 2. HP: 26/26 MP: 2/2
   714 | D:1      | Reached XP level 3. HP: 33/33 MP: 3/3
  1178 | D:2      | Found a hazy altar of Hepliaklqana.
  1265 | D:2      | Reached XP level 4. HP: 38/40 MP: 4/4
  1588 | D:2      | Found a faded altar of an unknown god.
  1602 | D:2      | Reached skill level 4 in Shields
  1974 | D:3      | Reached XP level 5. HP: 48/48 MP: 5/5
  1988 | D:3      | Found a shadowy altar of Dithmenos.
  2206 | D:3      | Reached skill level 5 in Armour
  2447 | D:4      | Reached skill level 1 in Axes
  2523 | D:4      | Reached XP level 6. HP: 32/55 MP: 6/6
  2622 | D:4      | Noticed Ijyb
  2631 | D:4      | Killed Ijyb
  2692 | D:4      | Identified the +0 helmet of Fallacy {rN+}
  2881 | D:4      | Reached skill level 5 in Shields
  3489 | D:5      | Entered Level 5 of the Dungeon
  3494 | D:5      | Reached XP level 7. HP: 59/63 MP: 7/7
  3802 | D:5      | Reached skill level 5 in Fighting
  4294 | D:5      | Reached XP level 8. HP: 72/72 MP: 8/8
  4473 | D:5      | Found an iron altar of Okawaru.
  4481 | D:5      | Became a worshipper of Warmaster Okawaru
  4792 | D:6      | Gained mutation: You have hidden genetic potential. [potion
                  | of mutation]
  4792 | D:6      | Gained mutation: Your flesh is heat resistant. (rF+)
                  | [potion of mutation]
  4792 | D:6      | Gained mutation: Your magical capacity is low. (-10% MP)
                  | [potion of mutation]
  4792 | D:6      | Gained mutation: You are partially covered in large bone
                  | plates. (SH +4) [potion of mutation]
  4792 | D:6      | Gained mutation: You are clumsy. (Dex -2) [potion of
                  | mutation]
  4792 | D:6      | Gained mutation: You have great hidden genetic potential.
                  | [potion of mutation]
  5122 | D:6      | Reached skill level 1 in Invocations
  5294 | D:6      | Identified the +7 long sword of Righteous Anger {freeze,
                  | rElec rCorr}
  5370 | D:6      | Reached * piety under Okawaru
  5863 | D:6      | You fall into a shaft and drop 1 floor!
  5886 | D:7      | Reached XP level 9. HP: 46/80 MP: 10/10
  6031 | D:7      | Gained mutation: You have a pair of small horns on your
                  | head. [hidden potential]
  6318 | D:7      | Noticed a komodo dragon
  6323 | D:7      | Found Jitz's Jewellery Emporium.
  6336 | D:7      | Reached ** piety under Okawaru
  6358 | D:7      | Bought a ring of poison resistance for 260 gold pieces
  6390 | D:7      | Reached skill level 5 in Axes
  6583 | D:7      | Killed a komodo dragon
  6808 | D:7      | Noticed Pikel
  6809 | D:7      | Pikel changed into Pikel the tengu
  6809 | D:7      | Noticed Pikel
  6823 | D:7      | Pikel the tengu changed into Pikel the sky beast
  6823 | D:7      | Noticed Pikel
  6826 | D:7      | Killed Pikel the sky beast
  6874 | D:7      | Reached *** piety under Okawaru
  6875 | D:7      | Reached skill level 5 in Invocations
  7102 | D:7      | Reached XP level 10. HP: 81/92 MP: 12/12
  7129 | D:7      | Gained mutation: Your system is resistant to poisons.
                  | (rPois) [hidden potential]
  7129 | D:7      | Lost mutation: You have great hidden genetic potential.
                  | [hidden potential expressed]
  7337 | D:7      | Found a staircase to the Ecumenical Temple.
  7454 | D:7      | Found an opulent altar of Gozag.
  7516 | D:7      | Noticed Menkaure
  7521 | D:7      | Killed Menkaure
  7601 | D:7      | Found a shimmering altar of Xom.
  7674 | D:7      | Found a runed translucent gate.
  7675 | D:7      | Noticed zen1337's ghost (novice DsCj)
  7676 | D:7      | Identified the +0 plate armour of Ceakeud {rPois}
  7685 | D:7      | Reached skill level 10 in Armour
  7721 | D:7      | Found a runed translucent gate.
  7722 | D:7      | Found a runed translucent gate.
  9436 | D:9      | Reached **** piety under Okawaru
  9448 | D:9      | Noticed a rust devil
  9734 | D:9      | Reached XP level 11. HP: 38/101 MP: 11/14
  9807 | D:9      | Gained mutation: You are mostly covered in large bone
                  | plates. (SH +6) [hidden potential]
 10023 | D:9      | Noticed a two-headed ogre
 10032 | D:9      | Killed a two-headed ogre
 10247 | D:9      | Reached ***** piety under Okawaru
 10693 | D:10     | Entered Level 10 of the Dungeon
 10804 | D:10     | Found a portal to a secret trove of treasure.
 11057 | D:10     | Found a staircase to the Lair.
 11221 | D:10     | Noticed Psyche
 11222 | D:10     | Psyche changed into Psyche the worm
 11222 | D:10     | Noticed Psyche
 11224 | D:10     | Killed Psyche the worm
 11254 | D:10     | Found a snail-covered altar of Cheibriados.
 11350 | D:10     | Found a blossoming altar of Fedhas.
 11652 | D:11     | Found a staircase to the Orcish Mines.
 11958 | D:11     | Found Tuluow's Jewellery Emporium.
 12122 | D:11     | Reached XP level 12. HP: 106/113 MP: 16/16
 12346 | D:11     | Noticed Sonja
 12348 | D:11     | Sonja changed into Sonja the rime drake
 12348 | D:11     | Noticed Sonja
 12354 | D:11     | Killed Sonja the rime drake
 12469 | D:12     | Gained mutation: You have a pair of horns on your head.
                  | [hidden potential]
 12469 | D:12     | Lost mutation: You have hidden genetic potential. [hidden
                  | potential expressed]
 13106 | D:12     | Identified the +4 pair of gloves "Townesah" {rPois rN+
                  | rCorr Int-2} (Okawaru gifted it to you on level 12 of the
                  | Dungeon)
 13106 | D:12     | Received a gift from Okawaru
 13485 | D:12     | Reached skill level 10 in Fighting
 14363 | D:13     | Noticed a two-headed ogre
 14368 | D:13     | Killed a two-headed ogre
 14799 | D:13     | Found a gate to the Vaults.
 14799 | D:13     | Noticed a vault guard
 14799 | D:13     | Noticed a vault guard
 14819 | D:13     | Killed a vault guard
 14828 | D:13     | Killed a vault guard
 14832 | D:13     | Reached skill level 10 in Invocations
 15099 | D:13     | Noticed a death knight
 15104 | D:13     | Reached XP level 13. HP: 118/123 MP: 18/18
 15131 | D:13     | Received a gift from Okawaru
 15838 | D:14     | Noticed Kirke
 15872 | D:14     | Killed Kirke
 15901 | D:14     | Identified the +5 broad axe of the Flying Saviour {vamp,
                  | rF+ Str+3 Stlth+} (Okawaru gifted it to you on level 14 of
                  | the Dungeon)
 15901 | D:14     | Received a gift from Okawaru
 16077 | D:14     | Reached skill level 10 in Axes
 16485 | D:15     | Entered Level 15 of the Dungeon
 16485 | D:15     | Found Iwup's Book Shoppe.
 16500 | D:15     | Reached skill level 15 in Armour
 16689 | D:15     | Noticed Josephine
 16711 | D:15     | Killed Josephine
 16712 | D:15     | Reached XP level 14. HP: 110/131 MP: 13/20
 16783 | D:15     | Noticed Agnes
 16794 | D:15     | Killed Agnes
 16919 | D:15     | Noticed Roxanne
 16936 | D:15     | Killed Roxanne
 17156 | D:15     | Found a staircase to the Depths.
 17780 | Lair:1   | Entered Level 1 of the Lair of Beasts
 18671 | Lair:2   | Received a gift from Okawaru
 18809 | Lair:2   | Found a runed translucent gate.
 18809 | Lair:2   | Found a runed translucent gate.
 18809 | Lair:2   | Found a runed translucent gate.
 19178 | Lair:3   | Found a staircase to the Snake Pit.
 19952 | Orc:1    | Entered Level 1 of the Orcish Mines
 19975 | Orc:1    | Received a gift from Okawaru
 20100 | Orc:2    | Entered Level 2 of the Orcish Mines
 20129 | Orc:2    | Noticed an orc warlord
 20133 | Orc:2    | Found a staircase to the Elven Halls.
 20169 | Orc:2    | Killed an orc warlord
 20178 | Orc:2    | Found Ulayluik's Book Emporium.
 20236 | Orc:2    | Found a gate leading to a gauntlet.
 20259 | Gauntlet | Entered a Gauntlet
 20259 | Gauntlet | Found a transporter.
 20271 | Gauntlet | Found a transporter.
 20272 | Gauntlet | Found a transporter.
 20276 | Gauntlet | Found a transporter.
 20279 | Gauntlet | Found a runed translucent door.
 20282 | Gauntlet | Found a transporter.
 20283 | Gauntlet | Found a transporter.
 20284 | Gauntlet | Found a transporter.
 20288 | Gauntlet | Found a runed translucent door.
 20290 | Gauntlet | Found a runed translucent door.
 20292 | Gauntlet | Found a transporter.
 20295 | Gauntlet | Found a transporter.
 20296 | Gauntlet | Found a transporter.
 20308 | Gauntlet | Found a transporter.
 20308 | Gauntlet | Found a transporter.
 20309 | Gauntlet | Found a transporter.
 20317 | Gauntlet | Found a transporter.
 20474 | Gauntlet | Identified the ring of Tuyff {*Corrode Str+6 Int+2 Dex+4}
 20666 | Gauntlet | Identified the +2 dagger of Eckioh {drain, rPois Int+5}
 21485 | Lair:2   | Noticed VerbalBBQ's ghost (journeyman FoFi)
 21548 | Lair:4   | Found a hazy altar of Hepliaklqana.
 21628 | Lair:4   | Found a runed translucent door.
 21805 | Lair:4   | Reached XP level 15. HP: 118/143 MP: 22/22
 22328 | Lair:4   | Noticed Sieca's ghost (journeyman MfGl)
 22349 | Lair:4   | Killed Sieca's ghost
 22432 | Lair:5   | Entered Level 5 of the Lair of Beasts
 23215 | Lair:5   | Found a staircase to the Slime Pits.
 23220 | Lair:5   | Found a viscous altar of Jiyva.
 23535 | Lair:5   | Identified the ring "Waxi" {rPois rF+}
 23603 | Lair:5   | Identified the +4 long sword of Defence by Offence {heavy,
                  | Str+2 Dex+7}
 24064 | Orc:2    | Found Qeimm's Weapon Shop.
 24075 | Orc:2    | Found Zestaiwn's Assorted Antiques.
 24130 | Orc:2    | Received a gift from Okawaru
 24150 | Orc:2    | Found Hixociq's Antique Weapon Shoppe.
 24151 | Orc:2    | Found Orry's Book Shop.
 24169 | Orc:2    | Bought a potion of haste for 320 gold pieces
 24169 | Orc:2    | Bought a potion of curing for 96 gold pieces
 24194 | Orc:2    | Bought the +10 quarterstaff of the Apocalypse {flame,
                  | Int+2} for 889 gold pieces
 24194 | Orc:2    | Identified a scroll of acquirement
 24195 | Orc:2    | Acquired the +11 executioner's axe of the Scroll {venom,
                  | rPois Int+3}
 24466 | D:7      | Killed zen1337's ghost
 24478 | D:7      | Identified the +0 helmet of Vanity {rElec Int+4}
 24837 | Lair:2   | Killed VerbalBBQ's ghost
 25304 | Snake:1  | Entered Level 1 of the Snake Pit
 26473 | Snake:1  | Acquired the ring "Roob" {rCorr Dex+3}
 26579 | Snake:2  | Noticed Aizul
 26602 | Snake:2  | Killed Aizul
 26611 | Snake:2  | Reached XP level 16. HP: 148/155 MP: 17/23
 26713 | Snake:2  | Received a gift from Okawaru
 27569 | Elf:1    | Entered Level 1 of the Elven Halls
 27702 | Elf:1    | Learned a level 3 spell: Frozen Ramparts
 27793 | Elf:1    | Reached skill level 1 in Ice Magic
 27972 | Elf:1    | Noticed Louise
 28096 | Elf:1    | Killed Louise
 29083 | Elf:2    | Found Hejaudda's Book Shop.
 29091 | Elf:2    | Bought a manual of Translocations for 1040 gold pieces
 29150 | Elf:2    | Reached skill level 1 in Translocations
 29237 | Elf:2    | Found a crumbling gateway.
 29335 | Desolati | Entered the Desolation of Salt
 29351 | Desolati | Received a gift from Okawaru
 29425 | Desolati | Identified the ring "Seyputuf" {rC+ rN+ Str-4 Int+3 Dex+4}
 29649 | Desolati | Reached skill level 5 in Translocations
 29660 | Desolati | Identified the ring of Weosem {Str+6 Dex+3}
 29689 | Desolati | Reached XP level 17. HP: 151/164 MP: 17/24
 29706 | Desolati | Found the crystal ball of Wucad Mu {*channel}
 29724 | Desolati | Identified the +0 ring mail "Dain" {rPois rF- Str+5 Stlth+}
 29750 | Desolati | Reached skill level 15 in Fighting
 29832 | Desolati | Found the +15 Maxwell's patent armour {-Cast -Tele rElec
                  | Will+ rCorr}
 29835 | Desolati | Identified the staff of death "Bicid" {rPois rC+ rN+ Will-
                  | MP+9}
 29845 | Desolati | Identified the +7 falchion of Diumares {venom, rElec rC+
                  | rN+ Str-3 Int+3}
 30391 | Elf:2    | Found a runed translucent gate.
 30392 | Elf:2    | Found a runed translucent gate.
 30392 | Elf:2    | Found a runed translucent gate.
 30430 | Elf:3    | Entered Level 3 of the Elven Halls
 30430 | Elf:3    | Found a radiant altar of Vehumet.
 30478 | Elf:3    | Paralysed by an air elemental for 1 turns
 30958 | Elf:3    | Found Laeh's Magic Scroll Shoppe.
 30969 | Elf:3    | Bought a scroll of teleportation for 57 gold pieces
 30969 | Elf:3    | Bought a scroll of teleportation for 57 gold pieces
 31052 | Elf:3    | Found Searen's General Store.
 31054 | Elf:3    | Found Cujywid's Weapon Shop.
 31408 | Elf:3    | Noticed a deep elf blademaster
 31408 | Elf:3    | Noticed a deep elf blademaster
 32899 | Snake:3  | Found Toxops's Tiny Tomes.
 33085 | Snake:3  | Reached skill level 10 in Translocations
 33883 | Snake:4  | Entered Level 4 of the Snake Pit
 33897 | Snake:4  | Reached XP level 18. HP: 177/177 MP: 18/25
 33992 | Snake:4  | Found Xeriss's Assorted Antiques.
 34005 | Snake:4  | Found Ydghe Uro's Antique Weapon Boutique.
 34010 | Snake:4  | Found Hooblesh's Book Boutique.
 34096 | Snake:4  | Found Zecaily's Book Boutique.
 34253 | Snake:4  | Noticed Vashnia
 34329 | Snake:4  | Killed Vashnia
 34441 | Snake:4  | Got a serpentine rune of Zot
 35304 | Lair:2   | Received a gift from Okawaru
 35368 | Lair:2   | Found a staircase to the Swamp.
 35384 | Swamp:1  | Entered Level 1 of the Swamp
 35931 | Swamp:2  | Reached skill level 1 in Dodging
 36073 | Swamp:2  | Identified the +2 trident "Goblin's Bane" {freeze, rF+ rN++
                  | Str+3 Dex-2}
 36789 | Swamp:3  | Found a frozen archway.
 36892 | IceCv    | Entered an ice cave
 37198 | IceCv    | Reached skill level 15 in Axes
 37357 | IceCv    | Reached XP level 19. HP: 186/186 MP: 26/26
 38012 | Swamp:3  | Found a large runed translucent door.
 38012 | Swamp:3  | Found a large runed translucent door.
 38028 | Swamp:3  | Noticed Yjeod's ghost (adept DgHW)
 38279 | Swamp:3  | Killed Yjeod's ghost
 38320 | Swamp:4  | Entered Level 4 of the Swamp
 38336 | Swamp:4  | Reached skill level 5 in Dodging
 38393 | Swamp:4  | Reached skill level 6 in Shields
 38470 | Swamp:4  | Noticed Bai Suzhen
 38483 | Swamp:4  | Noticed a bone dragon
 38505 | Swamp:4  | Killed Bai Suzhen
 38516 | Swamp:4  | Killed a bone dragon
 38954 | Swamp:4  | Reached skill level 7 in Shields
 39002 | Swamp:4  | Got a decaying rune of Zot
 39511 | Snake:4  | Bought a potion of haste for 450 gold pieces
 39511 | Snake:4  | Bought a scroll of magic mapping for 337 gold pieces
 39799 | Vaults:1 | Entered Level 1 of the Vaults
 40093 | Vaults:1 | Noticed Donald
 40109 | Vaults:1 | Killed Donald
 40301 | Vaults:1 | Identified the +4 chain mail of Vuirhot {*Corrode rC+
                  | Dex+3}
 40388 | Vaults:1 | Found Cifolysa's Magic Scroll Emporium.
 40392 | Vaults:1 | Bought a scroll of blinking for 112 gold pieces
 40392 | Vaults:1 | Bought a scroll of teleportation for 45 gold pieces
 40439 | Vaults:1 | Found Boxzy's Armour Shoppe.
 40551 | Vaults:1 | Reached skill level 8 in Shields
 40631 | Vaults:1 | Found a runed translucent door.
 40633 | Vaults:1 | Noticed Peloso's ghost (adept MiFi)
 41116 | Vaults:1 | Killed Peloso's ghost
 41413 | Vaults:2 | Reached skill level 15 in Translocations
 41587 | Vaults:2 | Identified the staff of poison "Bafeuru" {*Corrode rPois
                  | Will+++ Int-4 Dex+5}
 41782 | Vaults:2 | Reached XP level 20. HP: 162/194 MP: 27/27
 41873 | Vaults:2 | Reached skill level 9 in Shields
 42055 | Vaults:2 | Found a runed translucent gate.
 42055 | Vaults:2 | Found a runed translucent gate.
 42056 | Vaults:2 | Found a runed translucent gate.
 42057 | Vaults:2 | Noticed kalagan's ghost (adept DECj)
 42288 | Vaults:2 | Identified the staff of earth "Qaluddi" {*Corrode Int+5
                  | Stlth+}
 42695 | Vaults:2 | Found an iron altar of Okawaru.
 42893 | Vaults:3 | Reached skill level 10 in Shields
 43114 | Vaults:3 | Found Fesysmirgh's Armour Shoppe.
 43151 | Vaults:3 | Reached skill level 10 in Dodging
 43407 | Vaults:3 | Received a gift from Okawaru
 43618 | Vaults:3 | Reached skill level 11 in Shields
 44329 | Vaults:4 | Received a gift from Okawaru
 44351 | Vaults:4 | Reached skill level 12 in Shields
 44365 | Vaults:4 | Reached XP level 21. HP: 195/203 MP: 28/28
 44448 | Vaults:4 | Identified the +2 barding of the Tormentor {+Inv Will+
                  | Str+5} (Okawaru gifted it to you on level 4 of the Vaults)
 44448 | Vaults:4 | Received a gift from Okawaru
 44521 | Vaults:4 | Got the Secrets of Lethal Freezing
 45133 | Vaults:4 | Found Himeyqip's Assorted Antiques.
 45147 | Vaults:4 | Bought a potion of curing for 102 gold pieces
 45147 | Vaults:4 | Bought a scroll of teleportation for 102 gold pieces
 45147 | Vaults:4 | Bought a scroll of fog for 136 gold pieces
 45475 | D:10     | You paid a toll of 8 potions of haste to enter a treasure
                  | trove
 45476 | Trove    | Entered a treasure trove
 45479 | Trove    | Found the +10 tower shield of Ignorance {rN+ Int-4}
 45480 | Trove    | Identified the scarf "Pegup" {rC+ rF+, Dex+2}
 45493 | Trove    | Identified the +0 pair of gloves "Zaraevyo" {Slay+2 Stlth+}
 45495 | Trove    | Identified the +3 leather armour of Discretion {Harm rC-
                  | Will+ Str+3}
 45497 | Trove    | Identified the +1 leather armour of the Trombone {rPois
                  | Int+3 Dex-4 Stlth+}
 45501 | Trove    | Identified the scarf "Huxef" {+Inv, rElec rF+ Int-2}
 45506 | Trove    | Identified the +0 pair of gloves of Indecent Exposure
                  | {Str+5 Stlth-}
 45509 | Trove    | Identified the +5 barding of Existentialism {rPois rF++
                  | Str-3 Dex-4}
 45510 | Trove    | Identified the +0 barding of Fashionability {rElec rF+}
 45777 | Crypt:1  | Entered Level 1 of the Crypt
 46414 | Crypt:1  | Paralysed by something for 3 turns
 47059 | Crypt:2  | Reached skill level 13 in Shields
 47827 | Crypt:2  | Noticed Mennas
 48221 | Crypt:3  | Entered Level 3 of the Crypt
 48522 | Crypt:3  | Acquired the +3 Elemental Staff {rElec rF+ rC+ AC+3}
 48522 | Crypt:3  | Found the +3 Elemental Staff {rElec rF+ rC+ AC+3}
 48807 | Crypt:3  | Reached skill level 14 in Shields
 49634 | Crypt:3  | Noticed a dread lich
 49634 | Crypt:3  | Noticed a dread lich
 49643 | Crypt:3  | Paralysed by something for 3 turns
 49659 | Crypt:3  | Killed a dread lich
 49663 | Crypt:3  | Killed a dread lich
 49676 | Crypt:3  | Noticed a dread lich
 50036 | Crypt:3  | Got the Folio of the Crystallized Excursion
 50057 | Crypt:3  | Killed a dread lich
 50065 | Crypt:3  | Identified the +6 morningstar "Wefaerghy" {protect, rC+}
 50066 | Crypt:3  | Identified the +4 scimitar of Beogh's Castigation
                  | {antimagic, Will+ SInv}
 50450 | Crypt:3  | Found a staircase to the Tomb.
 50555 | Crypt:2  | Found a shimmering altar of Xom.
 51205 | Elf:3    | Reached skill level 15 in Shields
 51245 | Elf:3    | Reached XP level 22. HP: 197/211 MP: 29/29
 51316 | Elf:3    | Identified the staff of poison "Cetuadem" {rPois rF+ Int-4
                  | Dex+4}
 51388 | Elf:3    | Identified the ring of the Antique God {rElec rPois rF+
                  | Will+ Dex+4}
 51552 | Elf:3    | Got the Elucidation of the Macabre Faeries
 51554 | Elf:3    | Identified the staff of conjuration "Kuew" {rF+ rC- Dex+5}
 51565 | Elf:3    | Identified the +7 dagger "Hod Uvy" {distort, rPois Str+2}
 51797 | D:11     | Bought the amulet of Vitality {RegenMP++ Regen++} for 1200
                  | gold pieces
 51797 | D:11     | Found the amulet of Vitality {RegenMP++ Regen++}
 51967 | Depths:1 | Entered Level 1 of the Depths
 52121 | Depths:1 | Found Maozez's Blood Bar.
 52175 | Depths:1 | Found Luidaylu's Magic Scroll Boutique.
 52177 | Depths:1 | Found Ejuasot's Armour Boutique.
 52177 | Depths:1 | Found Diss's Magic Scroll Shop.
 52194 | Depths:1 | Found Ucapew's Book Shop.
 52196 | Depths:1 | Bought a scroll of blinking for 127 gold pieces
 52196 | Depths:1 | Bought a scroll of fear for 68 gold pieces
 52207 | Depths:1 | Bought a scroll of blinking for 172 gold pieces
 52267 | Depths:1 | Found a one-way gate to the infinite horrors of the Abyss.
 52277 | Depths:1 | Found a gateway to Hell.
 52497 | Depths:1 | Received a gift from Okawaru
 52801 | Depths:1 | Acquired 643 gold pieces
 52833 | Depths:2 | Noticed Saint Roka
 52846 | Depths:2 | Reached skill level 16 in Shields
 52859 | Depths:2 | Killed Saint Roka
 52877 | Depths:2 | Noticed Grunn
 52903 | Depths:2 | Killed Grunn
 52989 | Depths:2 | You fall into a shaft and drop 1 floor!
 53066 | Depths:3 | Found a shadowy altar of Dithmenos.
 53076 | Depths:3 | Received a gift from Okawaru
 53406 | Depths:3 | Noticed Margery
 53407 | Depths:3 | Noticed a juggernaut
 53421 | Depths:3 | Reached skill level 15 in Invocations
 53429 | Depths:3 | Killed Margery
 53431 | Depths:3 | Killed a juggernaut
 53476 | Depths:3 | Identified the +1 whip of the Jolly Allies {spect, Dex+2}
 53628 | Depths:3 | Reached skill level 17 in Shields
 53672 | Depths:3 | Reached XP level 23. HP: 221/221 MP: 30/30
 53793 | Hell     | Entered the Vestibule of Hell
 53793 | Hell     | Noticed Geryon
 54059 | Depths:4 | Entered Level 4 of the Depths
 54062 | Depths:4 | Identified the +5 ring mail of Zyolaoni {rElec Str+2 Dex-3}
                  | (Okawaru gifted it to you on level 4 of the Depths)
 54062 | Depths:4 | Received a gift from Okawaru
 54549 | Depths:4 | Received a gift from Okawaru
 54605 | Depths:4 | Found a gate to the Realm of Zot.
 54638 | Depths:4 | Got the Folio of Solid Reconstruction
 54660 | Depths:4 | Reached skill level 18 in Shields
 55310 | Depths:4 | Voluntarily entered the Abyss.
 55310 | Abyss:1  | Found a corrupted altar of Lugonu.
 55314 | Abyss:2  | Found a corrupted altar of Lugonu.
 55319 | Abyss:2  | Found a corrupted altar of Lugonu.
 55356 | Abyss:4  | Found a corrupted altar of Lugonu.
 55591 | Abyss:4  | Gained mutation: Your magical capacity is very low. (-20%
                  | MP) [a neqoxec]
 55628 | Abyss:4  | Got an abyssal rune of Zot
 55638 | Depths:4 | Escaped the Abyss
 55713 | Depths:2 | Found a one-way gate leading to the halls of Pandemonium.
 55815 | Depths:2 | Identified the +0 pair of gloves of Wrong Decisions {Int+6}
 55928 | Depths:2 | Found a one-way gateway to a ziggurat.
 55929 | Depths:2 | Noticed a juggernaut
 55946 | Depths:2 | Killed a juggernaut
 55983 | Depths:2 | Reached XP level 24. HP: 227/233 MP: 28/28
 56153 | Depths:2 | Identified the +0 barding of Okawaru, Enchanting {rPois rF-
                  | Will+ rCorr} (Okawaru gifted it to you on level 2 of the
                  | Depths)
 56153 | Depths:2 | Received a gift from Okawaru
 56253 | Depths:2 | Found a stormy altar of Qazlal.
 56280 | Depths:2 | Identified the amulet of Compassion {Reflect +Inv rC- SH+5
                  | SInv}
 57403 | Vaults:5 | Entered Level 5 of the Vaults
 57441 | Vaults:5 | Reached skill level 19 in Shields
 57445 | Vaults:5 | Noticed a dread lich
 57457 | Vaults:5 | Killed a dread lich
 57652 | Vaults:5 | Reached ****** piety under Okawaru
 57702 | Vaults:5 | Identified the +1 hat of Asceticism {Slay+2} (Okawaru
                  | gifted it to you on level 5 of the Vaults)
 57702 | Vaults:5 | Received a gift from Okawaru
 57715 | Vaults:5 | Identified the +6 war axe of Misery {venom, rF+ Str+3
                  | Int+2}
 57763 | Vaults:5 | Paralysed by a great orb of eyes for 4 turns
 57881 | Vaults:5 | Identified the +11 short sword of Triumph {heavy, rN+
                  | Dex+2}
 57919 | Vaults:5 | Identified the +11 tower shield of Ethics {rPois Will+}
 57940 | Vaults:5 | Got a silver rune of Zot
 58057 | Vaults:5 | Identified the staff of death "Uptor" {rN+ Str+3}
 58102 | Vaults:5 | Identified the +10 halberd of Loushrima {elec, Will+}
 58156 | Vaults:5 | Identified the staff of cold "Doxkig" {rC+ Dex+4}
 58203 | Vaults:5 | Reached XP level 25. HP: 247/247 MP: 28/28
 58217 | Vaults:5 | Identified the +4 scale mail of Jimp {Str+3 Int+5 Dex-2}
 58257 | Vaults:5 | Identified the +8 hand axe of Paren {heavy, Str+2 Int-3
                  | Dex+2 Stlth+}
 58428 | Vaults:5 | Noticed a dread lich
 58455 | Vaults:5 | Killed a dread lich
 58472 | Vaults:5 | Reached skill level 20 in Shields
 58751 | Vaults:5 | Got the Octavo of Toxicity and Causimancy
 59213 | Slime:1  | Entered Level 1 of the Pits of Slime
 59252 | Slime:2  | Reached skill level 15 in Dodging
 59282 | Slime:3  | Gained mutation: You are dopey. (Int -2) [a shining eye]
 59284 | Slime:3  | Gained mutation: You occasionally shout uncontrollably at
                  | your foes. [a shining eye]
 59287 | Slime:3  | Gained mutation: Your magical capacity is extremely low.
                  | (-30% MP) [a shining eye]
 59327 | Slime:4  | Gained mutation: You are somewhat resistant to further
                  | mutation. [a shining eye]
 59339 | Slime:5  | Entered Level 5 of the Pits of Slime
 59403 | Slime:5  | Received a gift from Okawaru
 59407 | Slime:5  | Noticed the Royal Jelly
 59643 | Slime:5  | Found a viscous altar of Jiyva.
 59983 | Slime:5  | Killed the Royal Jelly
 60060 | Slime:5  | Got a slimy rune of Zot
 60062 | Slime:5  | Identified the ring "Dephis" {rC+ Int+5 Dex-2 Stlth+}
 60070 | Slime:5  | Identified the +1 shortbow of Calamity {antimagic, Contam
                  | Str+5}
 60096 | Slime:5  | Identified the +2 helmet of Nocy {rF+ rC+ rCorr Slay-5}
 60103 | Slime:5  | Identified the staff of conjuration "Wuriply" {rPois rN+++
                  | Will+ Dex-3}
 60106 | Slime:5  | Identified the +1 robe of Fashionability {rC+++}
 60131 | Slime:5  | Got Areciw's Enchiridion on Nonlocality
 60181 | Slime:5  | Identified the +12 halberd "Butum" {holy, rElec}
 60870 | Zig:1    | Entered Level 1 of a ziggurat
 60870 | Zig:1    | Noticed Huzighu the pandemonium lord
 60902 | Zig:1    | Killed Huzighu the pandemonium lord
 60945 | Zig:2    | Entered Level 2 of a ziggurat
 60967 | Zig:3    | Entered Level 3 of a ziggurat
 60997 | Zig:4    | Entered Level 4 of a ziggurat
 61007 | Zig:4    | Reached skill level 21 in Shields
 61028 | Zig:4    | Identified the amulet of Luecoicu {Acrobat Will+++}
 61031 | Zig:4    | Identified the staff of conjuration "Ciulet" {Str+3 Stlth+}
 61050 | Zig:5    | Entered Level 5 of a ziggurat
 61075 | Zig:5    | Identified the staff of conjuration "Qoihou" {*Corrode rC+
                  | Stlth+}
 61079 | Zig:5    | Identified the staff of poison "Oceemmus" {Drain rPois
                  | Int+9}
 61085 | Zig:6    | Entered Level 6 of a ziggurat
 61118 | Zig:6    | Reached skill level 23 in Shields
 61118 | Zig:6    | Reached XP level 26. HP: 255/255 MP: 25/25
 61118 | Zig:6    | Reached XP level 27. HP: 263/263 MP: 25/25
 61123 | Zig:6    | Identified the +4 morningstar of Onualuq {heavy, *Noise rC+
                  | SInv}
 61134 | Zig:7    | Entered Level 7 of a ziggurat
 61155 | Zig:7    | Reached skill level 24 in Shields
 61171 | Zig:7    | Identified the +4 long sword "Wabom" {freeze, rF+ Will-
                  | Str+4}
 61181 | Zig:7    | Identified the +0 spear "Azenn" {freeze, rCorr Int+2}
 61183 | Zig:7    | Acquired the amulet "Janwul" {Acrobat +Inv Fly Will+++
                  | Str-2}
 61187 | Zig:7    | Identified the ring "Tierumm" {rN+ Will+ rCorr Str+6}
 61190 | Zig:7    | Identified the ring of Panog {rPois EV+5 Str+2 Stlth+}
 61299 | Zig:8    | Entered Level 8 of a ziggurat
 61328 | Zig:8    | HP: 8/263 [tainted leviathan/large rock (14)]
 61463 | Zot:1    | Entered Level 1 of the Realm of Zot
 61730 | Zot:2    | Received a gift from Okawaru
 61756 | Zot:2    | Reached skill level 25 in Shields
 61811 | Zot:2    | Noticed an orb of fire
 61827 | Zot:2    | Killed an orb of fire
 62736 | Zot:4    | Reached skill level 26 in Shields
 62901 | Zot:4    | Found a transporter.
 62916 | Abyss:4  | Cast into level 4 of the Abyss (black draconian)
 62925 | Zot:4    | Escaped the Abyss
 63001 | Zot:4    | Noticed an orb of fire
 63017 | Zot:4    | Killed an orb of fire
 63018 | Zot:4    | Reached skill level 27 in Shields
 63186 | Zot:4    | Found a transporter.
 63217 | Zot:5    | Entered Level 5 of the Realm of Zot
 63375 | Zot:5    | Noticed an orb of fire
 63386 | Zot:5    | Noticed an orb of fire
 63389 | Zot:5    | Killed an orb of fire
 63390 | Zot:5    | Noticed an orb of fire
 63401 | Zot:5    | Killed an orb of fire
 63408 | Zot:5    | Killed an orb of fire
 63874 | Zot:5    | Noticed an orb of fire
 63891 | Zot:5    | Killed an orb of fire
 63894 | Zot:5    | Noticed an orb of fire
 63894 | Zot:5    | Noticed an orb of fire
 63913 | Zot:5    | Killed an orb of fire
 63919 | Zot:5    | Killed an orb of fire
 63935 | Zot:5    | Noticed an orb of fire
 63939 | Zot:5    | Noticed a dread lich
 63950 | Zot:5    | Killed a dread lich
 63950 | Zot:5    | Received a gift from Okawaru
 63961 | Zot:5    | Killed an orb of fire
 64090 | Zot:5    | Identified the +0 scale mail of Forking Paths {Rampage rF+
                  | Int+4 Stlth+} (Okawaru gifted it to you on level 5 of the
                  | Realm of Zot)
 64090 | Zot:5    | Received a gift from Okawaru
 64102 | Zot:5    | Got the Orb of Zot
 64153 | Zot:5    | Gained mutation: You are strong-willed. (Will+) [mutagenic
                  | glow]
 64167 | Zot:5    | Lost mutation: You have a pair of horns on your head.
                  | [mutagenic glow]
 64820 | D:$      | Escaped with the Orb!

Illustrated notes

Levels and vault maps discovered:
D:1:      dpeg_arrival_arbitrary_b, layout_loops_corners
D:2:      minmay_kobold_bridge, layout_rooms,
          hellmonk_ecumenical_altar_arch_garden, basic_altar
D:3:      layout_rooms, lemuel_crystal_altar, chequers_decorated_corner,
          grunt_decor_cap
D:4:      layout_loops_corners, kennysheep_generic_room_10, uniq_ijyb
D:5:      layout_loops_ring, okawaru_altar_gauntlet_db, dk_rats_in_the_wall
D:6:      minmay_flawed_box, layout_basic, nicolae_elevator_lobby_plus
D:7:      cheibrodos_fzero, layout_loops_corners,
          nicolae_overflow_hidden_temple, lemuel_doored_altar,
          minmay_temple_entry_sparse_star, biasface_ghost_orc_armoury,
          serial_shops, nicolae_shop_tiny_real_fake_doors, uniq_pikel,
          uniq_menkaure
D:8:      layout_cave_pods
D:9:      minmay_s_stair_smasher, layout_loops_ring, minmay_misc_feat_chi
D:10:     layout_big_octagon, fedhas_altar_2, slow_altar_1, david_lair_generic,
          nicolae_trove_entry_isolated, uniq_psyche
D:11:     layout_long_grid, orc_0_dummy, serial_shops, nicolae_stop_n_shop_2,
          grunt_ministairs_12, minmay_strange_pillars, uniq_sonja
D:12:     layout_stronghold
D:13:     layout_basic, grunt_vaults_entry_tiered
D:14:     layout_roguey, uniq_kirke
D:15:     grunt_enter_depths_magical_seal, layout_long_grid, serial_shops,
          nicolae_shop_hallway_stairs, chequers_serial_rivers_large_a,
          uniq_josephine, uniq_roxanne, uniq_agnes
Lair:1:   layout_gridlike, serial_bayou_pond_e
Lair:2:   layout_chaotic_city, palyth_hydra_swamp_entry,
          gammafunk_ghost_hydra_chop
Lair:3:   layout_chaotic_city, guppyfry_snake_entry_island, grunt_megastairs_1
Lair:4:   nzn_motion_control, layout_hall_layers, ebering_ghost_reflecting_pool,
          basic_altar, evilmike_ambush [evilmike_ambush_outer_pillars,
          evilmike_ambush_inner_pond]
Lair:5:   evilmike_catoblepas_cave, layout_regular_city,
          minmay_slime_entry_pillars, lemuel_fruit_fields
Swamp:1:  layout_basic_swamp, nicolae_swamp_some_circles
Swamp:2:  layout_basic_swamp, nicolae_swamp_oxbows, swamp_pool5,
          nicolae_swamp_bloodsuckers_inc
Swamp:3:  layout_falls_marsh, portal_ice_cave_entry_ice_statue_two,
          ebering_ghost_disaster_area, evilmike_swamp_ruin_house_2
Swamp:4:  swamp_pestilence, layout_basic_swamp, swamp_pool1, uniq_bai_suzhen
Snake:1:  layout_basic
Snake:2:  layout_cave_shapes, nicolae_triple_integral, uniq_aizul
Snake:3:  layout_layer_cave, nicolae_shop_i_like_small_books_too,
          nicolae_integral_box
Snake:4:  johnstein_snake_rune_scales, layout_grid_shapes, st_stairs_6,
          minmay_shop_grid_forest, grunt_megastairs_4
Slime:1:  layout_caves
Slime:2:  layout_caves
Slime:3:  nicolae_slime_jelly_donut, layout_caves, basic_altar
Slime:4:  layout_caves
Slime:5
Orc:1:    layout_caves
Orc:2:    st_orc_elflike, layout_diamond_mine, basic_altar, serial_shops, shop,
          gauntlet_entry_generic
Elf:1:    layout_rooms, minmay_elf_demonology, uniq_louise
Elf:2:    nicolae_elf_blades_crystal_corner, layout_geoelf_octagon,
          serial_shops, shop,
          portal_desolation_entry_nicolae_menacing_earthworks,
          grunt_ministairs_11
Elf:3:    minmay_elf_hall, layout_onion_city, basic_altar, serial_shops,
          nicolae_shop_trees, shop, shop
Vaults:1: ebering_ghost_reflecting_pool, nicolae_vaults_heart-shaped_vault,
          nicolae_vaults_variable_pillar_hall_cross, st_cross,
          nicolae_vaults_spaceships, v_alt_pattern_3, nicolae_vaults_house_3,
          nicolae_vaults_little_squares_3, vaults_dpeg_spiral,
          ontoclasm_vaults_chip, nicolae_vaults_six-pack,
          nicolae_vaults_storage_closets_3, nicolae_vaults_tetromino_Z_1,
          nicolae_vaults_taking_the_gang_shopping, nicolae_vaults_shelves_hall,
          layout_vaults_ring, serial_shops, shop, uniq_donald
Vaults:2: gammafunk_ghost_fury_of_okawaru, minmay_crypt_entry_simple_statues,
          nicolae_vaults_lightning_bolt, vaults_room_ringed_pool,
          nicolae_vaults_trapezoid_3, vaults_mumra_minichess_inversion,
          st_octagons_2, vaults_dpeg_encased_lava, nicolae_vaults_diamond_1,
          nicolae_vaults_circle_grid_a, nicolae_vaults_tetromino_Z_1,
          nicolae_vaults_little_ls, vaults_mumra_hexcomb, v_alt_pattern_6,
          layout_vaults_big_cross
Vaults:3: vaults_dpeg_diagonal, nicolae_vaults_trapezoid_1, v_rooms_2,
          ontoclasm_vaults_pinch, nicolae_vaults_more_shelving_1,
          nicolae_vaults_trapezoid_2, dpeg_vaults_monster_box,
          layout_vaults_omnigrid
Vaults:4: nicolae_vaults_wrenched, nicolae_vaults_specimen_jars,
          nicolae_vaults_mini_display_case, hangedman_vaults_trim,
          hangedman_vaults_pinch, nicolae_vaults_puzzle_piece,
          grunt_vaults_diagonal, v_misc_19, ontoclasm_vaults_fault,
          nicolae_vaults_trapezoid_lopsided_4, nicolae_vaults_diamond_1,
          grunt_vaults_twisty, layout_vaults_big_room, serial_shops,
          nicolae_lakefront_shop
Vaults:5
Crypt:1:  layout_gridlike, palyth_stone_intersect, st_stairs_14, minivault_27,
          grunt_crypt_arrival_split
Crypt:2:  layout_gridlike, moated_statue, st_small_mortuary,
          lemuel_upstairs_altar, uniq_mennas
Crypt:3:  david_glass_crypt, layout_misc_corridors, tomb_entry_sphere_bobbens
Depths:1: layout_small_grid, ebering_dispersal_statue_hall, hell_entry,
          abyss_entry, minmay_gold_behind_fungi, guppyfry_shop_blood,
          minmay_shoptagon
Depths:2: regret_index_qazlal_generations, layout_basic, ziggurat_fallback,
          pan_entry, grunt_metal_band, uniq_grunn, uniq_saint_roka
Depths:3: kennysheep_water_balloons, layout_gridville, hellmouth_1, abyss_entry,
          minmay_misc_feat_iff, nicolae_dithmenos_the_darkroom,
          minmay_staircase_windowed_large, firewood_loft, uniq_margery
Depths:4: lemuel_castle_with_subvaults [lemuel_castle_interior_carwin_3],
          layout_cave_pools, nicolae_sextant, pf_vacation_house_of_asmodeus,
          abyss_entry
Hell
Zot:1:    lemuel_draconian_sentries, layout_gridlike,
          nicolae_transmutations_shop, uniq_josephina
Zot:2:    layout_twisted_circle, zot_minivault_2
Zot:3:    layout_basic
Zot:4:    gammafunk_its_a_trap, layout_misc_corridors, st_stairs_14
Zot:5:    layout_misc_corridors, lemuel_lake_of_fire

Skill      XL: |  1  2  3  4  5  6  7  8  9 10 11 12 13 14 15 16 17 18 19 20 21 22 23 24 25 26 27 |
---------------+----------------------------------------------------------------------------------+-----
Maces & Flails | 2 |  2.8
Armour         | 4 5 6 8 9 11 12 13 15 16 17 19 20 21 | 21.8
Fighting       | 3 4 5 6 7 8 9 10 11 12 13 14 15 16 17 18 19 20 | 20.9
Shields        | 4 5 8 12 15 17 18 19 23 27 | 27.0
Axes           | 1 3 4 5 6 8 9 10 11 12 13 14 15 17 18 | 18.5
Invocations    | 2 5 6 8 10 11 12 13 14 15 16 17 18 19 | 19.4
Ice Magic      | 3 |  3.3
Translocations | 5 10 13 15 | 15.0
Dodging        | 4 8 11 12 13 14 15 16 | 16.0

Action                     |  1- 3 |  4- 6 |  7- 9 | 10-12 | 13-15 | 16-18 | 19-21 | 22-24 | 25-27 || total
---------------------------+-------+-------+-------+-------+-------+-------+-------+-------+-------++-------
  Melee: Flail             |   119 |    72 |       |       |       |       |       |       |       ||   191
         Tailslap          |     5 |    19 |    39 |    69 |   181 |   230 |   410 |   433 |   332 ||  1718
         Broad axe         |       |    81 |   296 |   526 |  1144 |  1484 |  1817 |  1920 |  1438 ||  8706
         Headbutt          |       |       |    17 |    85 |   270 |   343 |   591 |   594 |   449 ||  2349
         Unarmed           |       |       |       |       |     3 |       |       |       |       ||     3
         Quarterstaff      |       |       |       |       |       |    17 |       |       |       ||    17
  Throw: Throwing net      |       |       |       |       |       |       |     1 |       |       ||     1
 Invoke: Heroism           |       |       |     1 |    20 |    30 |    36 |    33 |    18 |    19 ||   157
         Finesse           |       |       |       |     1 |    14 |    17 |    16 |    10 |    10 ||    68
  Evoke: Wand              |       |       |    17 |     5 |    22 |     1 |     2 |     2 |     3 ||    52
         Condenser vane    |       |       |       |       |     1 |       |     2 |       |     1 ||     4
    Use: Scroll            |     5 |     5 |    10 |     8 |    17 |    13 |    14 |     5 |    16 ||    93
         Potion            |     1 |     1 |     7 |     3 |     6 |     9 |     5 |     4 |     8 ||    44
   Stab: Paralysed         |       |       |     3 |       |       |       |     1 |       |       ||     4
         Distracted        |       |       |     1 |       |     2 |       |       |       |       ||     3
         Invisible         |       |       |       |       |     7 |    10 |    14 |    17 |       ||    48
         Sleeping          |       |       |       |       |    10 |     3 |       |       |       ||    13
         Petrified         |       |       |       |       |       |       |       |    10 |       ||    10
         Petrifying        |       |       |       |       |       |       |       |     1 |       ||     1
 Armour: Scale mail        |    77 |   105 |    46 |       |       |       |       |       |       ||   228
         Robe              |       |       |   111 |   155 |   302 |   113 |       |       |       ||   681
         Plate armour      |       |       |       |       |       |   528 |   214 |     7 |       ||   749
         Storm dragon scal |       |       |       |       |       |       |   410 |   522 |   548 ||  1480
  Dodge: Dodged            |    36 |    61 |   131 |   303 |   473 |   305 |   242 |   271 |   256 ||  2078
  Block: Buckler           |    28 |    31 |   145 |   375 |   564 |   946 |    18 |       |       ||  2107
         Other             |       |       |       |       |       |    32 |       |       |       ||    32
         Reflection        |       |       |       |       |       |    59 |    90 |     5 |       ||   154
         Tower shield      |       |       |       |       |       |       |  2253 |  1997 |  1572 ||  5822
